 Dungeon Crawl Stone Soup version 0.31.0 (webtiles) character file.

Game seed: 16848726526251542527

42 Monkooky the Cudgeller (level 3, 0/31 HPs)
             Began as an Armataur Monk on Jan 19, 2024.
             Slain by Terence
             ... wielding a +4 short sword of holy wrath
              (9 damage)
             ... on level 2 of the Dungeon.
             The game lasted 00:01:01 (1058 turns).

Monkooky the Cudgeller (Armataur Monk)              Turns: 1058, Time: 00:01:04

Health: 0/31       AC:  6    Str: 18    XL:     3   Next: 33%
Magic:  3/3        EV: 10    Int: 10    God:
Gold:   99         SH:  0    Dex: 12    Spells: 2/2 levels left

rFire   . . .        a - +0 mace
rCold   . . .        d - orb {light}
rNeg    . . .        e - +2 leather armour {Will+}
rPois   .            (no helmet)
rElec   .            (no cloak)
rCorr   .            (no gloves)
SInv    .            (no barding)
Will    +....        (no amulet)
Stlth   +            (no ring)
HPRegen 0.25/turn    (no ring)
MPRegen 0.08/turn

%: roll
@: glowing
A: large, deformed body, tough skin 3, armoured tail, roll 1
a: no special abilities


You were on level 2 of the Dungeon.
You visited 1 branch of the dungeon, and saw 2 of its levels.

You collected 99 gold pieces.

Inventory:

Hand Weapons
 a - a +0 mace (weapon)
Armour
 b - a +0 robe
 d - an orb of light (worn)
 e - a +2 leather armour of willpower (worn)
Scrolls
 h - a scroll of identify {unknown}
Potions
 c - a potion of ambrosia
 f - a potion of curing {unknown}
 g - a potion of mutation {unknown}


   Skills:
 + Level 3.1 Fighting
 + Level 3.2 Maces & Flails
 + Level 0.5 Armour
 + Level 2.5 Dodging


You had 2 spell levels left.
You didn't know any spells.
Your spell library was empty.

Dungeon Overview and Level Annotations

Branches:
Dungeon (2/15)

Altars:

Annotations:
D:2 Terence


Innate Abilities, Weirdness & Mutations

Armour fits poorly on your strangely shaped body.
You have extremely tough skin. (AC +3)
You have a long armoured tail.
You regenerate magic when rolling toward enemies. (Rampage MPRegen)


Message History

The ribbon worm is heavily wounded.
The ribbon worm expels a string of sticky webbing.
The stream of webbing hits you but does no damage.
You are caught in a web!
You are caught in a web!
You struggle to detach yourself from the web.
The ribbon worm bites you.
The web tears apart.
The ribbon worm misses you.
You hit the ribbon worm.
The ribbon worm is heavily wounded.
The ribbon worm bites you but does no damage.
You hit the ribbon worm.
The ribbon worm is severely wounded.
The ribbon worm barely misses you.
You sock the ribbon worm!
The ribbon worm is almost dead.
The ribbon worm barely misses you.
You hit the ribbon worm.
You kill the ribbon worm!
Terence barely misses you.
You barely miss Terence.
You tail-slap Terence, but do no damage.
Terence hits you with a +4 short sword of holy wrath!
You hit Terence.
You tail-slap Terence, but do no damage.
Terence is lightly wounded.
Terence hits you with a +4 short sword of holy wrath.
You aren't carrying any items that you can evoke.
Okay, then.
You hit Terence but do no damage.
You tail-slap Terence, but do no damage.
Terence is lightly wounded.
Terence hits you with a +4 short sword of holy wrath.
You hit Terence.
Terence is moderately wounded.
Terence hits you with a +4 short sword of holy wrath!
* * * LOW HITPOINT WARNING * * *
Terence hits you with a +4 short sword of holy wrath!
You die...
Terence says, "Rest in peace."

#..........#
#####...(.##
##...##
##.## ####.#
#....##
#.....#
#.#.#.#
###.#@#
#.#@# #....
......
#[....#
#.....#
##...##
##.##


You could see Terence.

Vanquished Creatures
  A ribbon worm (D:2)
  3 ball pythons
  3 bats
  3 endoplasms (D:1)
  3 giant cockroaches (D:1)
  3 goblins (D:1)
  4 hobgoblins (D:1)
  5 jackals (D:1)
  A quokka (D:2)
  3 frilled lizards
  5 rats (D:1)
34 creatures vanquished.

Notes
Turn   | Place    | Note
-------+----------+-------------------------------------------
     0 | D:1      | Monkooky the Armataur Monk began the quest for the Orb.
     0 | D:1      | Reached XP level 1. HP: 18/18 MP: 1/1
   163 | D:1      | Reached XP level 2. HP: 25/25 MP: 2/2
   511 | D:1      | Reached XP level 3. HP: 31/31 MP: 3/3
  1046 | D:2      | Noticed Terence
  1058 | D:2      | Slain by Terence

Illustrated notes

Levels and vault maps discovered:
D:1:      dpeg_arrival_three_same_balls, layout_loops_ring, serial_bayou_pond_c,
          st_stairs_10, dreamdust_wishing_well
D:2:      kennysheep_big_flooded_room, layout_loops_ring,
          uniq_crazy_yiuf_cottage, uniq_terence, uniq_sigmund

Skill      XL: |  1  2 |
---------------+-------+-----
Maces & Flails | 3 |  3.2
Fighting       | 3 |  3.1
Armour         | |  0.5
Dodging        | |  2.5

Action                     || total
---------------------------++-------
  Melee: Mace              ||    88
         Tailslap          ||    11
 Armour: Leather armour    ||    74
         Robe              ||     2
  Dodge: Dodged            ||    72
